 Dungeon Crawl Stone Soup version 0.30.1-9-gdf580d7c3d (webtiles) character file.

Game seed: 11115533621828747921

4 hawla the Firebug (level 1, -2/10 HPs)
             Began as a Deep Elf Fire Elementalist on Oct 22, 2023.
             Slain by Terence
             ... wielding a +3 falchion of holy wrath
              (5 damage)
             ... on level 2 of the Dungeon.
             The game lasted 00:02:33 (977 turns).

hawla the Firebug (Deep Elf Fire Elementalist)       Turns: 977, Time: 00:02:46

Health: -2/10      AC:  6    Str:  3 (5)  XL:     1   Next: 58%
Magic:  4/6        EV: 12    Int: 16 (19) God:
Gold:   74         SH:  0    Dex: 13 (15) Spells: 5/6 levels left

rFire   . . .        (no weapon)
rCold   . . .        (no shield)
rNeg    . . .        a - +0 robe
rPois   .            (no helmet)
rElec   .            (no cloak)
rCorr   .            (no gloves)
SInv    .            (no boots)
Will    .....        (no amulet)
Stlth   ++           f - +4 ring of protection
HPRegen 0.21/turn    (no ring)
MPRegen 0.10/turn

%: no passive effects
@: no status effects
A: no striking features
a: no special abilities


You were on level 2 of the Dungeon.
You visited 1 branch of the dungeon, and saw 2 of its levels.

You collected 74 gold pieces.

Inventory:

Missiles
 i - 4 atropa-tipped darts
Armour
 a - a +0 robe (worn)
Jewellery
 f - a +4 ring of protection (left hand)
Wands
 j - a wand of flame (11)
Scrolls
 c - 3 scrolls of amnesia {unknown}
 e - 3 scrolls of enchant armour {unknown}
 g - a scroll of identify {unknown}
Potions
 b - 3 potions of magic
 h - a potion of curing {unknown}


   Skills:
 + Level 2.4 Dodging
 + Level 2.8 Stealth
 + Level 3.0 Spellcasting
 + Level 1.1 Conjurations
 + Level 3.4 Fire Magic


You had 5 spell levels left.
You knew the following spells:

 Your Spells              Type           Power      Damage    Failure   Level
a - Foxfire               Conj/Fire      36%        2x1d5     8%          1

Your spell library contained the following spells:

 Spells                   Type           Power      Damage    Failure   Level
 Scorch                   Fire           26%        2d6       7%          2
 Necrotise                Necr           8%         1d4       19%         1
 Inner Flame              Hex/Fire       7%         N/A       28%         3
 Volatile Blastmotes      Fire/Tloc      14%        2d11      28%         3
 Dazzling Flash           Conj/Hex       8%         N/A       41%         3
 Vampiric Draining        Necr           2%         2d6       50%         3
 Flame Wave               Conj/Fire      9%         2d6       58%         4
 Agony                    Necr           2%         N/A       99%         5
 Silence                  Hex/Air        1%         N/A       99%         5


Dungeon Overview and Level Annotations

Branches:
Dungeon (2/15)

Altars:

Annotations:
D:2 Terence


Message History

Terence shouts!
You hear a shout!
You hear an angry hiss. x2
You hear a shout!
You see here a book of the Senses.
You pick up a book of the Senses and begin reading...
You add the spells Dazzling Flash and Silence to your library.
Casting: Foxfire (safe; 6% risk of failure)
Confirm with . or Enter, or press ? or * to list all spells.
You conjure some foxfire!
An endoplasm comes into view.
A gnoll comes into view. It is wielding a +0 flail.
Your foxfire dissipates!
The foxfire hits Terence but does no damage.
A bat comes into view.
An adder comes into view.
Casting: Foxfire (safe; 6% risk of failure)
Confirm with . or Enter, or press ? or * to list all spells.
You conjure some foxfire!
The gnoll shouts!
The foxfire hits Terence.
Terence is lightly wounded.
Your foxfire dissipates!
Casting: Foxfire (safe; 6% risk of failure)
Confirm with . or Enter, or press ? or * to list all spells.
You conjure some foxfire!
Terence misses you.
You hit Terence but do no damage.
Terence is lightly wounded.
The foxfire hits Terence.
Terence is lightly wounded.
The foxfire hits Terence.
Terence is moderately wounded.
Terence hits you with a +3 falchion of holy wrath!
Ouch! That really hurt!
* * * LOW HITPOINT WARNING * * *
It was a potion of degeneration.
There was something very wrong with that liquid.
You feel weakened.
You feel dopey.
You feel clumsy. Terence screams, "I want your blood!"
Terence hits you with a +3 falchion of holy wrath.
Ouch! That really hurt!
You die...

#.# #J+
###.# ..#g#
#.#.# #.#.#
#.#.#
#######.#g#
.......@@S#
#######.###
#..<......#
#.#.....#.#
#.#..†..#.#
#.#..#....#
#.#..#.####
#.#..#.#
#.#..#.#


You could see Terence, a gnoll and an adder.

Vanquished Creatures
  2 ball pythons
  A bat (D:1)
  An endoplasm (D:1)
4 creatures vanquished.

Vanquished Creatures (others)
  15 foxfires
15 creatures vanquished.

Grand Total: 19 creatures vanquished

Notes
Turn   | Place    | Note
-------+----------+-------------------------------------------
     0 | D:1      | hawla the Deep Elf Fire Elementalist began the quest for
                  | the Orb.
     0 | D:1      | Reached XP level 1. HP: 10/10 MP: 6/6
   961 | D:2      | Noticed Terence
   977 | D:2      | Slain by Terence

Illustrated notes

Levels and vault maps discovered:
D:1:      minmay_arrival_checkered_box, layout_loops_corners
D:2:      minmay_diamond_boxcup, layout_basic, minmay_octomino_j4, uniq_terence

Action                     || total
---------------------------++-------
  Melee: Unarmed           ||     3
   Cast: Foxfire           ||    10
    Use: Potion            ||     1
 Armour: Robe              ||     2
  Dodge: Dodged            ||     5
